 Dungeon Sprint DCSS version 0.29-a0-409-gd843f3a48c (webtiles) character file.

Game seed: 13410828447743130741

2691 garrulousMonolith the Spear-Bearer (level 9, -13/75 HPs)
             Began as a Demonspawn Fighter on May 15, 2022.
             Was an Initiate of Yredelemnul.
             Mangled by a boulder beetle (55 damage)
             ... in the Dungeon (Sprint VII: "The Pits").
             The game lasted 00:04:10 (1237 turns).

garrulousMonolith the Spear-Bearer (DsFi)           Turns: 1237, Time: 00:04:11

Health: -13/75     AC: 17    Str: 17    XL:     9   Next: 38%
Magic:  17/17      EV: 10    Int: 17    God:    Yredelemnul [......]
Gold:   0          SH:  6    Dex: 15    Spells: 8/8 levels left

rFire   . . .      SeeInvis .   m - +2 trident (vorpal)
rCold   . . .      Faith    .   c - +0 buckler
rNeg    . . .      Spirit   .   q - +4 chain mail
rPois   .          Reflect  .   (helmet restricted)
rElec   .          Harm     .   (no cloak)
rCorr   .          Rampage  .   (no gloves)
Will    .....      NoTele   +   (no boots)
Stlth   ..........              (no amulet)
HPRegen 0.22/turn               p - +3 ring of intelligence
MPRegen 0.15/turn               o - +3 ring of dexterity

@: on berserk cooldown, slowed, very slow
A: antennae 2, yellow scales 2, spiny 1
a: Renounce Religion, Recall Undead Harvest


You were in the Dungeon.
You worshipped Yredelemnul.
Yredelemnul was aware of your devotion.
You visited 1 branch

Inventory:

Hand Weapons
 k - a +2 dagger of electrocution
 m - a +2 vorpal trident (weapon)
 r - a +2 war axe of freezing
Armour
 c - a +0 buckler (worn)
 q - a +4 chain mail (worn)
Jewellery
 o - a +3 ring of dexterity (right hand)
 p - a +3 ring of intelligence (left hand)
Scrolls
 j - a scroll of blinking
 l - 5 scrolls of amnesia
Potions
 a - a potion of invisibility
 b - a potion of mutation
 d - 2 potions of might
 e - 6 potions of curing
 f - 10 potions of heal wounds
 g - a potion of haste
 h - 4 potions of magic
 i - a potion of berserk rage
 n - 2 potions of brilliance


   Skills:
 + Level 8.9 Fighting
 * Level 11.0 Polearms
 + Level 8.1 Armour
 + Level 7.5 Dodging
 + Level 8.2 Shields
 + Level 10.8 Invocations


You had 8 spell levels left.
You didn't know any spells.
Your spell library was empty.

Dungeon Overview and Level Annotations

Branches:
Dungeon (1/1)

Altars:
Ashenzari
Cheibriados
Dithmenos
Elyvilon
Fedhas
Gozag
Hepliaklqana
Kikubaaqudgha
Makhleb
Nemelex Xobeh
Okawaru
Qazlal
Ru
Sif Muna
Trog
Uskayaw
Vehumet
Wu Jian
Xom
Yredelemnul
Zin
The Shining One
Beogh
Jiyva
Lugonu


Innate Abilities, Weirdness & Mutations

You have a pair of antennae on your head.
You are mostly covered in yellow scales. (AC +3)
You are partially covered in sharp spines.


Message History

The demonic crawler hits you but does no damage.
The demonic crawler hits you.
The centaur warrior hits you but does no damage.
The centaur warrior kicks you but does no damage.
The wizard mumbles some strange words.
The wizard flickers and vanishes!
Deactivating autopickup; reactivate with Ctrl-A.
The boulder beetle curls into a ball and begins rolling!
You puncture the centaur warrior!
The centaur warrior is heavily wounded.
The demonic crawler hits you. The demonic crawler barely misses you.
The demonic crawler hits you but does no damage.
The centaur warrior hits you but does no damage.
The centaur warrior kicks you but does no damage.
The centaur warrior is struck by your spines.
The centaur warrior hits you. The centaur warrior kicks you.
* * * LOW HITPOINT WARNING * * *
The demonic crawler is struck by your spines.
The demonic crawler completely misses you.
The demonic crawler hits you but does no damage. x2
You barely miss the centaur warrior.
The centaur warrior is severely wounded.
The centaur warrior is struck by your spines.
The centaur warrior hits you.
* * * LOW HITPOINT WARNING * * *
The centaur warrior closely misses you. The demonic crawler closely misses you.
The demonic crawler hits you.
* * * LOW HITPOINT WARNING * * *
The demonic crawler barely misses you.
You block the centaur warrior's attack. x2
A jumping spider comes into view.
The demonic crawler is struck by your spines.
The demonic crawler hits you but does no damage. x3
You feel much better.
The jumping spider hisses angrily.
You block the centaur warrior's attack. x2
The frilled lizard unfolds its giant frill.
The boulder beetle hits you!!!
Ouch! That really hurt!
You die...
Your body rises from the dead as a mindless zombie.

...#..#......#
.............#
'#####''######
....##''# #####
....##..# ...
....##..# .l.
<...##..#### #{#
....##..#..#####s##{
....##..#....##c@.#
....##..'.....#.B.#
######..'...).'.°.+ {
######..'.....#.°.#{
..[[##..#....##.°.# {
..[[##..#..#####.##{{
..))##..####{{ #s#
...)##..# { ...
..))##..#{ ....


You could see a boulder beetle (rolling), a demonic crawler, a centaur warrior,
a jumping spider and a frilled lizard.

Vanquished Creatures
  A sea snake (D)
  A flayed ghost (D)
  A demonic crawler (D)
  2 flying skulls (D)
  2 floating eyes (D)
  An ice beast (D)
  A centaur (D)
  A phantom (D)
  A gnoll sergeant (D)
  A killer bee (D)
  A crimson imp (D)
  A quasit (D)
  An orc wizard (D)
  An ufetubus (D)
  An orc (D)
  2 endoplasms (D)
  A frilled lizard (D)
  A jackal zombie (D)
21 creatures vanquished.

Vanquished Creatures (collateral kills)
  2 floating eyes (D)
  2 centaurs (D)
  An orc priest (D)
  An iguana (D)
  A gnoll (D)
  An orc (D)
  A bat skeleton (D)
  An endoplasm (D)
10 creatures vanquished.

Vanquished Creatures (others)
  A sea snake zombie (D)
  A demonic crawler zombie (D)
  2 spectral floating eyes (D)
  A centaur zombie (D)
  A killer bee zombie (D)
  A spectral quasit (D)
  A spectral crimson imp (D)
  An orc zombie (D)
9 creatures vanquished.

Grand Total: 40 creatures vanquished

Notes
Turn   | Place    | Note
-------+----------+-------------------------------------------
     0 | D        | garrulousMonolith the Demonspawn Fighter began the quest
                  | for the Orb.
     0 | D        | Reached XP level 1. HP: 18/18 MP: 1/1
    14 | D        | Reached skill level 2 in Polearms
    14 | D        | Reached skill level 1 in Invocations
    53 | D        | Found a basalt altar of Yredelemnul.
    53 | D        | Found a shimmering altar of Xom.
    53 | D        | Found an ornate altar of the Wu Jian Council.
    53 | D        | Found a bloodstained altar of Trog.
    53 | D        | Found a shimmering blue altar of Sif Muna.
    53 | D        | Found a sacrificial altar of Ru.
    53 | D        | Found a stormy altar of Qazlal.
    53 | D        | Found an iron altar of Okawaru.
    53 | D        | Found a sparkling altar of Nemelex Xobeh.
    53 | D        | Found a burning altar of Makhleb.
    53 | D        | Found a viscous altar of Jiyva.
    53 | D        | Found a hazy altar of Hepliaklqana.
    53 | D        | Found an opulent altar of Gozag.
    53 | D        | Found a blossoming altar of Fedhas.
    53 | D        | Found a shadowy altar of Dithmenos.
    53 | D        | Found a snail-covered altar of Cheibriados.
    54 | D        | Found a radiant altar of Vehumet.
    54 | D        | Found a corrupted altar of Lugonu.
    55 | D        | Found a hide-covered altar of Uskayaw.
    55 | D        | Found an ancient bone altar of Kikubaaqudgha.
    55 | D        | Found a broken altar of Ashenzari.
    59 | D        | Became a worshipper of Yredelemnul the Dark
    74 | D        | Reached skill level 1 in Dodging
    80 | D        | Gained mutation: You have a pair of small antennae on your
                  | head. [demonic ancestry]
    80 | D        | Reached XP level 2. HP: 18/24 MP: 3/3
   274 | D        | Noticed a floating eye
   274 | D        | Noticed an ice beast
   274 | D        | Noticed a floating eye
   277 | D        | Killed a floating eye
   278 | D        | Reached * piety under Yredelemnul
   278 | D        | Reached skill level 4 in Polearms
   278 | D        | Reached XP level 3. HP: 31/31 MP: 3/6
   278 | D        | Gained mutation: You are partially covered in yellow
                  | scales. (AC +2) [demonic ancestry]
   278 | D        | Reached XP level 4. HP: 38/38 MP: 3/7
   278 | D        | Killed a floating eye
   279 | D        | Reached ** piety under Yredelemnul
   279 | D        | Reached skill level 5 in Fighting
   279 | D        | Reached skill level 5 in Polearms
   279 | D        | Reached skill level 5 in Invocations
   279 | D        | Reached XP level 5. HP: 44/44 MP: 3/9
   281 | D        | Killed an ice beast
   282 | D        | Reached skill level 6 in Polearms
   282 | D        | Reached skill level 5 in Armour
   282 | D        | Reached skill level 5 in Shields
   282 | D        | Gained mutation: You are mostly covered in yellow scales.
                  | (AC +3) [demonic ancestry]
   282 | D        | Reached XP level 6. HP: 52/52 MP: 3/10
   346 | D        | Noticed a floating eye
   350 | D        | Killed a floating eye
   351 | D        | Reached skill level 7 in Polearms
   389 | D        | Reached skill level 5 in Dodging
   389 | D        | Gained mutation: You are partially covered in sharp spines.
                  | [demonic ancestry]
   389 | D        | Reached XP level 7. HP: 32/59 MP: 12/12
   393 | D        | Reached skill level 8 in Polearms
   606 | D        | Noticed a flying skull
   612 | D        | Killed a flying skull
   749 | D        | Paralysed by a floating eye for 4 turns
   754 | D        | Paralysed by a floating eye for 3 turns
   763 | D        | Paralysed by a floating eye for 4 turns
   770 | D        | Reached skill level 9 in Polearms
   770 | D        | Reached XP level 8. HP: 59/67 MP: 14/14
   809 | D        | Noticed a sea snake
   820 | D        | Killed a sea snake
  1179 | D        | Noticed a demonic crawler
  1179 | D        | Noticed a flying skull
  1179 | D        | Noticed a flayed ghost
  1196 | D        | Killed a flying skull
  1197 | D        | Reached skill level 10 in Polearms
  1199 | D        | Killed a flayed ghost
  1200 | D        | Reached skill level 10 in Invocations
  1200 | D        | Gained mutation: You have a pair of antennae on your head.
                  | [demonic ancestry]
  1200 | D        | Reached XP level 9. HP: 51/75 MP: 16/16
  1209 | D        | Killed a demonic crawler
  1223 | D        | Reached skill level 11 in Polearms
  1228 | D        | Noticed a boulder beetle
  1229 | D        | Noticed a wizard
  1229 | D        | Noticed a centaur warrior
  1230 | D        | Noticed a demonic crawler
  1237 | D        | Mangled by a boulder beetle

Illustrated notes

Levels and vault maps discovered:
D:        pitsprint [storerooms_1, entrance_room_1, metal_vault_1, armoury_2,
          mini_pit_1, grid_room_1, main_hall_1, silver_pit, the_coven_2,
          the_vestibule_1, steel_vault_4, golden_pit, hallway_of_sentries,
          crystal_vault_1, iron_vault_3, final_vault]

Skill      XL: |  1  2  3  4  5  6  7  8  9 |
---------------+----------------------------+-----
Polearms       | 2 4 5 6 7 9 10 11 | 11.0
Invocations    | 1 4 5 6 7 8 10 | 10.8
Armour         | 3 4 5 6 7 8 |  8.1
Dodging        | 1 2 3 4 5 7 |  7.5
Shields        | 3 4 5 6 7 8 |  8.2
Fighting       | 4 5 6 7 8 |  8.9

Action                   |  1- 3 |  4- 6 |  7- 9 || total
-------------------------+-------+-------+-------++-------
Melee: Trident           |    19 |    34 |    67 ||   120
  Use: Scroll            |     1 |       |       ||     1
       Potion            |       |     2 |     4 ||     6
 Stab: Distracted        |       |       |     2 ||     2
       Invisible         |       |       |     4 ||     4
Armor: Scale mail        |    12 |       |       ||    12
       Chain mail        |       |    13 |    47 ||    60
Dodge: Dodged            |     6 |     6 |    37 ||    49
Block: Buckler           |     4 |     4 |    28 ||    36

Table legend: (Time is in decaauts)
 A = Elapsed time spent in this place.
 B = Non-inter-level travel time spent in this place.
 C = Inter-level travel time spent in this place.
 D = Time resting spent in this place.
 E = Time spent auto-exploring this place.
 F = Levels seen in this place.
 G = Mean time per level.
                   A        B        C        D        E       F      G
               +--------+--------+--------+--------+--------+-----+--------+
         Total |   1247 |   1247 |      0 |    806 |      0 |   1 | 1247.0 |
       Dungeon |   1247 |   1247 |      0 |    806 |      0 |   1 | 1247.0 |
               +--------+--------+--------+--------+--------+-----+--------+

Top non-repeatable levels by time:
       D: 1247 daAuts
